 Dungeon Crawl Stone Soup version 0.31-a0-700-gf13585253f (webtiles) character file.

Game seed: 17388881900370225357

190 cforsyth the Trooper (level 6, -4/41 (48) HPs)
             Began as a Djinni Chaos Knight on Sept 7, 2023.
             Was a Plaything of Xom.
             Slain by a hornet (9 damage)
             ... on level 4 of the Dungeon.
             The game lasted 00:04:22 (2486 turns).

cforsyth the Trooper (Djinni Chaos Knight)          Turns: 2486, Time: 00:04:22

HP:   -4/41 (48)    AC: 30    Str: 14    XL:     6   Next: 1%
Gold: 149           EV:  4    Int: 14    God:    Xom [.*....] SH:  0 Dex: 15

rFire   + + .        a - +0 falchion (chaos)
rCold   x . .        (no shield)
rNeg    . . .        q - +15 plate armour of the Evening Star {MP+9}
rPois   ∞            k - +2 helmet
rElec   .            (no cloak)
rCorr   .            l - +0 pair of gloves
SInv    .            (boots unavailable)
Will    .....        (no amulet) Stlth
                     (no ring)
HPRegen 0.26/turn    (no ring)
MPRegen 0.00/turn

%: infuse magic (-5 HP)
@: flying, studying Long Blades, heavily drained
A: sickness immunity, fire resistance 2, cold vulnerability 1, float, innate
caster, HP casting, extra vitality 1, agile 1, sense surroundings 1, strong 1
a: Renounce Religion


You were on level 4 of the Dungeon.
You worshipped Xom.
You were a plaything of Xom.
You visited 1 branch of the dungeon, and saw 4 of its levels.

You collected 149 gold pieces.

Inventory:

Hand Weapons
 a - a +0 falchion of chaos (weapon)
Armour
 b - a +2 leather armour
 k - a +2 helmet (worn)
 l - a +0 pair of gloves (worn)
 q - the +15 plate armour of the Evening Star (worn) {MP+9}
   (You found it on level 2 of the Dungeon)

   MP+9:      It affects your magic capacity (+9).
Jewellery
 i - a +6 ring of dexterity
Scrolls
 c - a scroll of butterflies
 f - a scroll of blinking {unknown}
 h - a scroll of torment {unknown}
 m - 2 scrolls of identify {unknown}
 p - a scroll of noise {unknown}
 r - a scroll of revelation {unknown}
 s - 3 scrolls of enchant armour {unknown}
Potions
 e - a potion of lignification {unknown}
 g - 2 potions of degeneration {unknown}
 j - 2 potions of curing {unknown}
 n - a potion of haste {unknown}
 o - a potion of heal wounds {unknown}


   Skills:
 + Level 4.3 Fighting
 + Level 3.2 Long Blades
 + Level 2.3 Armour
 - Level 2.5 Dodging
 + Level 1.8 Spellcasting
 + Level 1.8 Conjurations
 + Level 1.8 Hexes
   Level 0.0 Charms
 + Level 1.8 Summonings
 + Level 1.8 Necromancy
 + Level 1.8 Translocations
 + Level 1.8 Transmutations
 + Level 1.8 Fire Magic
 + Level 1.8 Ice Magic
 + Level 1.8 Air Magic
 + Level 1.8 Earth Magic
 + Level 1.8 Poison Magic


You knew the following spells:

 Your Spells              Type           Power      Damage    Failure   Level
a - Foxfire               Conj/Fire      24%        2x1d5     100%        1
b - Scorch                Fire           12%        2d5       100%        2
Your spell library was empty.


Dungeon Overview and Level Annotations

Branches:
Dungeon (4/15)             Temple (0/1) D:4

Altars:


Innate Abilities, Weirdness & Mutations

You are immune to sickness and miasma.
You are immune to poison.
Your flesh is very heat resistant. (rF++)
You are vulnerable to cold. (rC-)
You float through the air rather than walking.
You learn spells naturally, not from books.
Your magical power is your life essence.
You have superior vitality. (+4 MHP)
You are agile. (Dex +4, Str/Int -1)
You passively map a small area around you.
Your muscles are strong. (Str +4, Int/Dex -1)


Message History

The hornet stings you but does no damage.
You miss the hornet.
The hornet is heavily wounded.
The hornet is no longer unusually resistant.
The hornet stings you but does no damage. x2
You hit the hornet but do no damage.
The hornet seems to speed up.
The hornet is heavily wounded.
The hornet stings you but does no damage. x2
You closely miss the hornet.
The hornet is heavily wounded.
Xom's power touches on you for a moment.
You feel drained.
The hornet stings you but does no damage.
The hornet barely misses you.
The hornet stings you but does no damage.
You closely miss the hornet.
The hornet is heavily wounded.
The hornet completely misses you.
The hornet stings you but does no damage.
You hit the hornet but do no damage.
The hornet is heavily wounded.
The hornet stings you but does no damage. x3
You closely miss the hornet.
The hornet is heavily wounded.
The hornet stings you!
* * * LOW HITPOINT WARNING * * *
The hornet stings you but does no damage.
You hit the hornet but do no damage. You drain the hornet.
The hornet is severely wounded.
The hornet stings you.
* * * LOW HITPOINT WARNING * * *
The hornet stings you but does no damage.
You closely miss the hornet.
The hornet is severely wounded.
The hornet stings you but does no damage.
The hornet stings you.
* * * LOW HITPOINT WARNING * * *
The hornet stings you!
You die...
Xom cackles wildly!

*, , ,*, ,*,, * ,** *,
***.,* ,*** ,,,* * ,*, .
* *,*,*** * +.,,,,+* ,
*,* *,*,,.#**** , , * *
* ,,*.# ,, , ,,,**,*
#####.#, ,',,, ,,* *
#...#.#,,,* , ,,*,*
#.#y@)#*##*,, *,,*,**
#..##+.....+ *,,,,,,,
***** ##.# *..##.#, ***,
,<,,* #######..###....,
* ,,,,,,, * ,*
#.......#...#.#.#,,,* ,
, , ** ,*
#.#####...........,,,,
,,,, ,, *,
......[.........,#***,*,
, ***
,..........#####.,*
*,*,,,, ****#.######..#
*,,* * *, ,


You could see a hornet (fast, agile, drained).

Vanquished Creatures
  A sleepcap (D:4)
  2 orc wizards
  Robin (D:1)
  2 adders (D:3)
  3 worms (D:2)
  2 dart slugs
  6 orcs (D:3)
  4 endoplasms
  11 goblins
  8 hobgoblins
  5 ball pythons
  8 bats
  5 frilled lizards
  7 kobolds
  3 rats
68 creatures vanquished.

Notes
Turn   | Place    | Note
-------+----------+-------------------------------------------
     0 | D:1      | cforsyth the Djinni Chaos Knight began the quest for the
                  | Orb.
     0 | D:1      | Reached XP level 1. HP: 20/20 MP: 0/0
    80 | D:1      | XOM: silly message
   401 | D:1      | Reached XP level 2. HP: 23/25 MP: 0/0
   436 | D:1      | XOM: 4-stop teleportation journey
   487 | D:1      | XOM: give mutations
   487 | D:1      | Gained mutation: You passively map a small area around you.
                  | [Xom's grace]
   487 | D:1      | Gained mutation: Your muscles are strong. (Str +4, Int/Dex
                  | -1) [Xom's grace]
   508 | D:1      | Found a faded altar of an unknown god.
   550 | D:1      | XOM: scenery: summon butterflies
   904 | D:1      | Reached XP level 3. HP: 30/30 MP: 0/0
   904 | D:1      | Learned a level 1 spell: Foxfire
   970 | D:2      | Noticed Robin
  1129 | D:1      | Killed Robin
  1151 | D:1      | XOM: give mutation
  1197 | D:2      | Reached skill level 1 in Spellcasting
  1197 | D:2      | Reached skill level 1 in Conjurations
  1197 | D:2      | Reached skill level 1 in Hexes
  1197 | D:2      | Reached skill level 1 in Summonings
  1197 | D:2      | Reached skill level 1 in Necromancy
  1197 | D:2      | Reached skill level 1 in Translocations
  1197 | D:2      | Reached skill level 1 in Transmutations
  1197 | D:2      | Reached skill level 1 in Fire Magic
  1197 | D:2      | Reached skill level 1 in Ice Magic
  1197 | D:2      | Reached skill level 1 in Air Magic
  1197 | D:2      | Reached skill level 1 in Earth Magic
  1197 | D:2      | Reached skill level 1 in Poison Magic
  1212 | D:2      | Reached XP level 4. HP: 36/36 MP: 0/0
  1262 | D:2      | XOM: give mutation
  1262 | D:2      | Gained mutation: You are agile. (Dex +4, Str/Int -1) [Xom's
                  | grace]
  1776 | D:2      | Identified the +15 plate armour of the Evening Star {MP+9}
  1988 | D:3      | Reached skill level 4 in Fighting
  1988 | D:3      | Reached XP level 5. HP: 29/41 MP: 0/0
  1988 | D:3      | Learned a level 2 spell: Scorch
  2411 | D:4      | Identified a scroll of acquirement
  2411 | D:4      | Acquired a manual of Long Blades
  2438 | D:4      | Noticed an ogre
  2455 | D:4      | an ogre changed into a hornet
  2455 | D:4      | Noticed a hornet
  2455 | D:4      | XOM: polymorph ogre -> hornet
  2456 | D:4      | Reached XP level 6. HP: 44/48 MP: 0/0
  2456 | D:4      | XOM: scenery: 1 doors close
  2457 | D:4      | XOM: divination: magic mapping
  2468 | D:4      | XOM: torment (23/48 hp)
  2481 | D:4      | XOM: draining
  2486 | D:4      | Slain by a hornet

Illustrated notes

Levels and vault maps discovered:
D:1:      erik_arrival_blinker_ship, layout_loops_corners,
          ebering_ecumenical_altar_mist
D:2:      layout_basic, uniq_robin
D:3:      layout_rooms
D:4:      layout_loops_ring, yredelemnul_altar_generic,
          minmay_temple_entry_grid, nicolae_ossuary_entry_plus,
          minmay_fractal_squares_diagonal_5

Skill      XL: |  1  2  3  4  5 |
---------------+----------------+-----
Spellcasting   | 1 |  1.8
Conjurations   | 1 |  1.8
Hexes          | 1 |  1.8
Summonings     | 1 |  1.8
Necromancy     | 1 |  1.8
Translocations | 1 |  1.8
Transmutations | 1 |  1.8
Fire Magic     | 1 |  1.8
Ice Magic      | 1 |  1.8
Air Magic      | 1 |  1.8
Earth Magic    | 1 |  1.8
Poison Magic   | 1 |  1.8
Fighting       | 4 |  4.3
Armour         | 2 |  2.3
Long Blades    | 3 |  3.2
Dodging        | |  2.5

Action                     |  1- 3 |  4- 6 || total
---------------------------+-------+-------++-------
  Melee: Falchion          |   101 |   154 ||   255
         Punch             |     2 |       ||     2
    Use: Scroll            |       |     1 ||     1
   Stab: Paralysed         |     3 |       ||     3
         Sleeping          |       |     2 ||     2
 Armour: Leather armour    |    59 |    27 ||    86
         Plate armour      |       |   140 ||   140
  Dodge: Dodged            |    62 |    38 ||   100

Table legend: (Time is in decaauts)
 A = Elapsed time spent in this place.
 B = Non-inter-level travel time spent in this place.
 C = Inter-level travel time spent in this place.
 D = Time resting spent in this place.
 E = Time spent auto-exploring this place.
 F = Levels seen in this place.
 G = Mean time per level.
                   A        B        C        D        E       F      G
               +--------+--------+--------+--------+--------+-----+--------+
         Total |   2527 |   2441 |     86 |    121 |   1733 |   4 |  631.8 |
       Dungeon |   2527 |   2441 |     86 |    121 |   1733 |   4 |  631.8 |
               +--------+--------+--------+--------+--------+-----+--------+

Top non-repeatable levels by time:
     D:1: 1150 daAuts
     D:2: 719 daAuts
     D:3: 574 daAuts
     D:4: 82 daAuts
